Colorado Rockies vs St.Louis Blues
(R1)
Created - Sunday, April 9, 2023 at 07:59
Goals
|
| Colorado Rockies |
2 |
0 |
1 |
3 |
| St.Louis Blues |
1 |
2 |
2 |
5 |
|
Shots
|
| Colorado Rockies |
19 |
7 |
7 |
33 |
| St.Louis Blues |
9 |
17 |
10 |
36 |
|
1st period
1. Colorado Rockies , Nikita Kucherov 10 (Ryan O'Reilly 10) at 5:18
2. St.Louis Blues , Robert Thomas 4 (Tage Thompson 9, Colton Parayko 4) at 11:20
3. Colorado Rockies , Shea Theodore 2 (Ryan O'Reilly 11, Kevin Hayes 4) at 18:39
Penalties :
Shea Theodore (COL) for Boarding (Minor) at 16:10
2nd period
4. St.Louis Blues , Alex DeBrincat 15 (Robert Thomas 13, Colton Parayko 5) at 5:03
5. St.Louis Blues , Frederick Gaudreau 2 (Ondrej Kase 3, Jimmy Vesey 2) at 18:46
Penalties :
Zach Werenski (COL) for Interference (Minor) at 0:41, Evgeny Kuznetsov (COL) for Interference (Minor) at 7:20, Jonas Brodin (STL) for Close Hand On Puck (Minor) at 12:28, Kevin Hayes (COL) for Interference (Minor) at 16:28
3rd period
6. St.Louis Blues , Elias Pettersson 9 (Jake Guentzel 11) at 2:32
7. St.Louis Blues , Elias Pettersson 10 (Morgan Rielly 9) at 2:38
8. Colorado Rockies , Nick Schmaltz 9 (Kevin Hayes 5) at 19:09
Penalties :
Alex DeBrincat (STL) for Hooking (Minor) at 4:40, Ryan O'Reilly (COL) for Tripping (Minor) at 15:39, Kevin Hayes (COL) for High sticking (Minor) at 19:16
Goalie Stats
Andrei Vasilevskiy (COL), 31 saves from 36 shots - (0.861), L, 10-8-1, 60:00 minutes
Scott Wedgewood (STL), 30 saves from 33 shots - (0.909), W, 2-2-1, 60:00 minutes
Players Stats for Colorado Rockies
Player Name G A P +/- PIM S H SB GA TA FO MP PP MP PK MP
------------------------------------------------------------------------------------
David Pastrnak 0 0 0 -2 0 5 2 1 0 0 0/1 12:42 1:10 0:00
Dylan Strome 0 0 0 -1 0 2 1 0 0 0 0/0 7:56 0:00 0:00
Evgeny Kuznetsov 0 0 0 -2 2 1 0 0 0 1 11/26 16:42 1:29 0:00
Jakub Vrana 0 0 0 -1 0 0 1 0 1 0 0/0 7:56 0:00 0:00
Jesper Bratt 0 0 0 -1 0 4 1 0 1 0 0/0 16:21 1:10 1:26
Kevin Hayes 0 2 2 2 4 2 0 0 0 1 6/9 14:19 0:00 4:22
Kyle Connor 0 0 0 -2 0 2 1 0 0 0 0/0 19:04 1:29 2:08
Martin Fehervary 0 0 0 0 0 1 2 1 0 0 0/0 16:41 0:00 6:41
Nick Bonino 0 0 0 -1 0 0 0 0 0 0 1/2 10:40 0:00 2:28
Nick Schmaltz 1 0 1 1 0 3 1 1 2 0 0/1 14:56 2:29 2:22
Nikita Kucherov 1 0 1 -1 0 1 1 2 0 0 0/1 14:00 1:29 0:00
Quinn Hughes 0 0 0 -1 0 0 3 0 1 0 0/0 17:04 1:22 1:39
Roman Josi 0 0 0 0 0 2 0 2 0 1 0/0 10:09 0:00 0:00
Ryan O'Reilly 0 2 2 1 2 1 2 1 0 0 10/22 18:30 2:29 4:59
Shea Theodore 1 0 1 -1 2 2 1 1 0 0 0/0 18:53 1:22 3:07
Tim Stutzle 0 0 0 0 0 3 0 0 0 0 1/3 15:40 0:09 3:31
Victor Hedman 0 0 0 -1 0 3 2 2 0 0 0/0 30:07 2:36 6:41
Zach Werenski 0 0 0 0 2 1 3 1 0 0 0/0 27:36 2:36 3:08
Players Stats for St.Louis Blues
Player Name G A P +/- PIM S H SB GA TA FO MP PP MP PK MP
------------------------------------------------------------------------------------
Alex DeBrincat 1 0 1 2 2 7 0 0 1 0 0/0 17:59 4:40 0:00
Alex Pietrangelo 0 0 0 1 0 4 0 0 0 1 0/0 24:01 4:31 0:55
Alex Tuch 0 0 0 1 0 1 0 0 0 0 2/2 22:42 5:49 1:03
Colton Parayko 0 2 2 1 0 1 1 1 0 0 0/0 20:57 0:00 2:03
Danny DeKeyser 0 0 0 -1 0 0 1 0 0 0 0/0 13:53 0:00 2:03
Elias Pettersson 2 0 2 1 0 4 1 1 0 1 13/26 22:44 5:49 1:03
Evander Kane 0 0 0 -1 0 2 1 1 1 1 0/0 13:20 4:40 0:00
Frederick Gaudreau 1 0 1 0 0 3 1 0 0 0 5/8 9:46 0:09 2:03
Jack Eichel 0 0 0 -2 0 1 2 0 0 0 4/6 9:38 0:09 0:00
Jake Guentzel 0 1 1 1 0 5 3 0 0 0 0/2 22:53 6:07 0:04
Jimmy Vesey 0 1 1 0 0 0 1 0 0 0 0/0 10:26 0:09 2:07
Joe Pavelski 0 0 0 -1 0 2 0 0 0 0 6/8 14:26 5:49 0:00
Jonas Brodin 0 0 0 2 2 0 2 1 1 0 0/0 15:30 0:00 1:00
Morgan Rielly 0 1 1 2 0 0 3 0 0 0 0/0 20:57 6:07 0:00
Niko Mikkola 0 0 0 -1 0 0 0 2 0 0 0/0 13:10 0:00 1:55
Ondrej Kase 0 1 1 1 0 0 0 0 0 1 0/0 7:33 0:00 0:48
Robert Thomas 1 1 2 2 0 3 0 0 0 0 6/13 18:10 4:40 0:48
Tage Thompson 0 1 1 2 0 3 0 0 0 1 0/0 17:55 4:31 0:00
3 Stars
1 - Elias Pettersson (STL)
2 - Robert Thomas (STL)
3 - Colton Parayko (STL)
Power Play
Colorado Rockies - 0 on 2 Attempt(s) - 0.00%
St.Louis Blues - 0 on 6 Attempt(s) - 0.00%
Penalty Kill
Colorado Rockies - 6 on 6 Attempt(s) - 100.00%
- Score 0 goal in Penalty Kill
St.Louis Blues - 2 on 2 Attempt(s) - 100.00%
- Score 0 goal in Penalty Kill
Team Stat
Colorado Rockies - Hits : 21 - Faceoff Wins : 29 - Blocked Shots : 12 - Penalty Minutes : 12
St.Louis Blues - Hits : 16 - Faceoff Wins : 36 - Blocked Shots : 6 - Penalty Minutes : 4
Official
Referees : Rob Martell and Dennis LaRue
Linesman : Tony Sericolo and Devin Berg
Game Notes
David Pastrnak is injured at 4:06 of 3rd period (Right Leg)
Finance
Level 1 -- Attendance: 6000 (100.00%) -- Ticket Income $582,000
Level 2 -- Attendance: 4382 (87.64%) -- Ticket Income $249,774
Level 3 -- Attendance: 2791 (93.03%) -- Ticket Income $94,894
Level 4 -- Attendance: 4828 (96.56%) -- Ticket Income $111,044
Luxury Box -- Attendance: 1000 (100.00%) -- Ticket Income $194,000
Game was played at the Scottrade Center.
Total Attendance: 19001 (95.01%)
Total Ticket Income: $1,231,712
Other Income: $431,099
Total Income: $1,662,811
Colorado Rockies
5 vs 5 Forward
Center Left Wing Right Wing Time % Phy DF OF
1 Ryan O'Reilly Jesper Bratt Nikita Kucherov 33 1 2 2
2 Evgeny Kuznetsov Kyle Connor David Pastrnak 32 1 2 2
3 Kevin Hayes Tim Stutzle Nick Schmaltz 25 1 2 2
4 Nick Bonino Jakub Vrana Dylan Strome 10 1 2 2
5 vs 5 Defense
Defense Defense Time % Phy DF OF
1 Victor Hedman Zach Werenski 40 1 2 2
2 Quinn Hughes Shea Theodore 30 1 2 2
3 Roman Josi Martin Fehervary 20 1 2 2
4 Zach Werenski Victor Hedman 10 1 2 2
PowerPlay Forward
Center Left Wing Right Wing Time % Phy DF OF
1 Evgeny Kuznetsov Kyle Connor Nikita Kucherov 60 1 1 3
2 Ryan O'Reilly Nick Schmaltz David Pastrnak 40 1 2 2
PowerPlay Defense
Defense Defense Time % Phy DF OF
1 Zach Werenski Victor Hedman 60 1 2 2
2 Quinn Hughes Shea Theodore 40 1 2 2
Penalty Kill 4 Players Forward
Center Wing Time % Phy DF OF
1 Ryan O'Reilly Kevin Hayes 60 1 2 2
2 Nick Bonino Kyle Connor 40 1 2 2
Penalty Kill 4 Players Defense
Defense Defense Time % Phy DF OF
1 Martin Fehervary Victor Hedman 60 1 2 2
2 Zach Werenski Shea Theodore 40 1 2 2
Penalty Kill - 3 Players Forward
Forward Time % Phy DF OF
1 Kevin Hayes 60 1 2 2
2 Ryan O'Reilly 40 1 2 2
Penalty Kill - 3 Players Defense
Defense Defense Time % Phy DF OF
1 Martin Fehervary Victor Hedman 60 1 2 2
2 Zach Werenski Shea Theodore 40 1 2 2
4 vs 4 Forward
Center Wing Time % Phy DF OF
1 Ryan O'Reilly Kyle Connor 60 1 2 2
2 Evgeny Kuznetsov Nikita Kucherov 40 1 2 2
4 vs 4 Defense
Defense Defense Time % Phy DF OF
1 Zach Werenski Shea Theodore 60 1 2 2
2 Victor Hedman Quinn Hughes 40 1 2 2
Last Minutes Offensive
Center Left Wing Right Wing Defense Defense
Evgeny Kuznetsov Kyle Connor Nikita Kucherov Victor Hedman Zach Werenski
Last Minutes Defensive
Center Left Wing Right Wing Defense Defense
Evgeny Kuznetsov Kyle Connor Nikita Kucherov Victor Hedman Zach Werenski
Goaltenders
Starting : Andrei Vasilevskiy
Backup : Ilya Samsonov
Extra Forwards
Normal : Jesper Bratt, Tim Stutzle, Kevin Hayes - PP : Jesper Bratt, Tim Stutzle - PK : Kevin Hayes
Extra Defensemen
Normal : Shea Theodore, Martin Fehervary, Zach Werenski - PP : Shea Theodore - PK : Martin Fehervary, Zach Werenski
Penalty Shots
Kevin Hayes, Evgeny Kuznetsov, Tim Stutzle, Shea Theodore, Jesper Bratt
St.Louis Blues
5 vs 5 Forward
Center Left Wing Right Wing Time % Phy DF OF
1 Elias Pettersson Jake Guentzel Alex Tuch 40 0 2 3
2 Robert Thomas Alex DeBrincat Tage Thompson 30 1 2 2
3 Jack Eichel Evander Kane Joe Pavelski 20 0 2 3
4 Frederick Gaudreau Jimmy Vesey Ondrej Kase 10 1 3 1
5 vs 5 Defense
Defense Defense Time % Phy DF OF
1 Alex Pietrangelo Colton Parayko 40 1 2 2
2 Morgan Rielly Jonas Brodin 30 1 2 2
3 Danny DeKeyser Niko Mikkola 20 1 2 2
4 Alex Pietrangelo Colton Parayko 10 1 2 2
PowerPlay Forward
Center Left Wing Right Wing Time % Phy DF OF
1 Joe Pavelski Alex Tuch Elias Pettersson 60 1 0 4
2 Robert Thomas Alex DeBrincat Evander Kane 40 1 0 4
PowerPlay Defense
Defense Defense Time % Phy DF OF
1 Morgan Rielly Jake Guentzel 60 0 1 4
2 Tage Thompson Alex Pietrangelo 40 0 1 4
Penalty Kill 4 Players Forward
Center Wing Time % Phy DF OF
1 Frederick Gaudreau Jimmy Vesey 60 1 4 0
2 Robert Thomas Ondrej Kase 40 1 4 0
Penalty Kill 4 Players Defense
Defense Defense Time % Phy DF OF
1 Colton Parayko Danny DeKeyser 60 2 3 0
2 Jonas Brodin Niko Mikkola 40 2 3 0
Penalty Kill - 3 Players Forward
Forward Time % Phy DF OF
1 Frederick Gaudreau 60 0 5 0
2 Robert Thomas 40 0 5 0
Penalty Kill - 3 Players Defense
Defense Defense Time % Phy DF OF
1 Colton Parayko Danny DeKeyser 60 1 4 0
2 Jonas Brodin Niko Mikkola 40 1 4 0
4 vs 4 Forward
Center Wing Time % Phy DF OF
1 Elias Pettersson Alex Tuch 60 0 2 3
2 Robert Thomas Jake Guentzel 40 0 2 3
4 vs 4 Defense
Defense Defense Time % Phy DF OF
1 Alex Pietrangelo Colton Parayko 60 0 3 2
2 Morgan Rielly Jonas Brodin 40 0 3 2
Last Minutes Offensive
Center Left Wing Right Wing Defense Defense
Robert Thomas Elias Pettersson Jake Guentzel Alex Tuch Morgan Rielly
Last Minutes Defensive
Center Left Wing Right Wing Defense Defense
Frederick Gaudreau Jimmy Vesey Ondrej Kase Colton Parayko Alex Pietrangelo
Goaltenders
Starting : Scott Wedgewood
Backup : Frederik Andersen
Extra Forwards
Normal : Tage Thompson, Evander Kane, Frederick Gaudreau - PP : Alex DeBrincat, Jack Eichel - PK : Alex Tuch
Extra Defensemen
Normal : Morgan Rielly, Colton Parayko, Niko Mikkola - PP : Jonas Brodin - PK : Colton Parayko, Alex Pietrangelo
Penalty Shots
Alex DeBrincat, Joe Pavelski, Alex Tuch, Elias Pettersson, Robert Thomas
% Time on Ice - Colorado Rockies
Lines # - Real PCT - Wanted PCT - Time Play
Normal Forward
1 - 30% - 33% - 13:28
2 - 32% - 32% - 14:43
3 - 20% - 25% - 9:17
4 - 17% - 10% - 7:56
Normal Defense
1 - 42% - 40% - 18:58
2 - 32% - 30% - 14:25
3 - 22% - 20% - 9:57
4 - 5% - 10% - 2:04
PP Forward
1 - 37% - 60% - 1:29
2 - 63% - 40% - 2:29
PP Defense
1 - 66% - 60% - 2:36
2 - 34% - 40% - 1:22
PK Forward
1 - 80% - 60% - 8:30
2 - 20% - 40% - 2:08
PK Defense
1 - 63% - 60% - 6:41
2 - 37% - 40% - 3:57
PK3 Forward
1 - 0% - 60%
2 - 0% - 40%
PK3 Defense
1 - 0% - 60%
2 - 0% - 40%
44 Forward
1 - 0% - 60%
2 - 0% - 40%
44 Defense
1 - 0% - 60%
2 - 0% - 40%
Last Minute Offensive - 0:00
Last Minute Defensive - 0:00
Total
Forward - 60:00
Defense - 60:00
|
% Time on Ice - St.Louis Blues
Lines # - Real PCT - Wanted PCT - Time Play
Normal Forward
1 - 38% - 40% - 17:17
2 - 28% - 30% - 12:42
3 - 19% - 20% - 8:40
4 - 15% - 10% - 6:45
Normal Defense
1 - 39% - 40% - 17:50
2 - 33% - 30% - 15:10
3 - 23% - 20% - 10:16
4 - 5% - 10% - 2:08
PP Forward
1 - 56% - 60% - 5:58
2 - 44% - 40% - 4:40
PP Defense
1 - 58% - 60% - 6:07
2 - 42% - 40% - 4:31
PK Forward
1 - 80% - 60% - 3:10
2 - 20% - 40% - 0:48
PK Defense
1 - 52% - 60% - 2:03
2 - 48% - 40% - 1:55
PK3 Forward
1 - 0% - 60%
2 - 0% - 40%
PK3 Defense
1 - 0% - 60%
2 - 0% - 40%
44 Forward
1 - 0% - 60%
2 - 0% - 40%
44 Defense
1 - 0% - 60%
2 - 0% - 40%
Last Minute Offensive - 0:00
Last Minute Defensive - 0:00
Total
Forward - 60:00
Defense - 60:00
|
Play-by-Play
1st period
0:01 of 1st period - Elias Pettersson wins face-off versus Ryan O'Reilly in neutral zone.
0:08 of 1st period - Snap shot by Jake Guentzel.
0:08 of 1st period - Stopped by Andrei Vasilevskiy with a rebound.
0:16 of 1st period - Slapshot by Nikita Kucherov.
0:16 of 1st period - Shot Misses the Net.
0:26 of 1st period - Alex Tuch is hit by Zach Werenski and loses puck.
0:55 of 1st period - Colton Parayko is hit by Kyle Connor and loses puck.
1:30 of 1st period - Icing by Jonas Brodin.
1:31 of 1st period - Frederick Gaudreau wins face-off versus Ryan O'Reilly in St.Louis Blues zone.
1:40 of 1st period - Slapshot by Jesper Bratt.
1:40 of 1st period - Stopped by Scott Wedgewood with a rebound.
1:42 of 1st period - Slapshot by Roman Josi.
1:42 of 1st period - Stopped by Scott Wedgewood without a rebound.
1:43 of 1st period - Kevin Hayes wins face-off versus Robert Thomas in St.Louis Blues zone.
1:46 of 1st period - Snap shot by Nick Schmaltz.
1:46 of 1st period - Shot Blocked by Niko Mikkola.
1:48 of 1st period - Slapshot by Kevin Hayes.
1:48 of 1st period - Stopped by Scott Wedgewood with a rebound.
2:10 of 1st period - Zach Werenski is hit by Danny DeKeyser.
4:25 of 1st period - Snap shot by Joe Pavelski.
4:25 of 1st period - Shot Misses the Net.
4:35 of 1st period - Snap shot by Evander Kane.
4:35 of 1st period - Stopped by Andrei Vasilevskiy without a rebound.
4:36 of 1st period - Evgeny Kuznetsov wins face-off versus Elias Pettersson in Colorado Rockies zone.
4:36 of 1st period - Evgeny Kuznetsov is hit by Morgan Rielly.
4:42 of 1st period - Elias Pettersson is hit by Martin Fehervary and loses puck.
5:01 of 1st period - Evgeny Kuznetsov is hit by Morgan Rielly and loses puck.
5:14 of 1st period - Snap shot by David Pastrnak.
5:14 of 1st period - Stopped by Scott Wedgewood without a rebound.
5:15 of 1st period - Ryan O'Reilly wins face-off versus Elias Pettersson in St.Louis Blues zone.
5:18 of 1st period - Snap shot by Nikita Kucherov.
5:18 of 1st period - Goal by Nikita Kucherov - Colorado Rockies : 1 - St.Louis Blues : 0.
5:19 of 1st period - Elias Pettersson wins face-off versus Ryan O'Reilly in neutral zone.
5:57 of 1st period - Wrist shot by Nick Schmaltz.
5:57 of 1st period - Stopped by Scott Wedgewood without a rebound.
5:58 of 1st period - Robert Thomas wins face-off versus Evgeny Kuznetsov in St.Louis Blues zone.
6:25 of 1st period - Off-side.
6:26 of 1st period - Ryan O'Reilly wins face-off versus Jack Eichel in neutral zone.
6:43 of 1st period - Wrist shot by Jack Eichel.
6:43 of 1st period - Shot Misses the Net.
6:54 of 1st period - Off-side.
6:55 of 1st period - Elias Pettersson wins face-off versus Tim Stutzle in neutral zone.
6:58 of 1st period - Kevin Hayes is hit by Elias Pettersson.
7:28 of 1st period - Icing by Zach Werenski.
7:29 of 1st period - Ryan O'Reilly wins face-off versus Robert Thomas in Colorado Rockies zone.
7:41 of 1st period - Wrist shot by Jesper Bratt.
7:41 of 1st period - Stopped by Scott Wedgewood with a rebound.
7:43 of 1st period - Snap shot by Zach Werenski.
7:43 of 1st period - Stopped by Scott Wedgewood with a rebound.
7:45 of 1st period - Snap shot by Victor Hedman.
7:45 of 1st period - Stopped by Scott Wedgewood without a rebound.
7:46 of 1st period - Kevin Hayes wins face-off versus Jake Guentzel in St.Louis Blues zone.
8:20 of 1st period - Snap shot by Evgeny Kuznetsov.
8:20 of 1st period - Shot Misses the Net.
9:09 of 1st period - Slapshot by Ondrej Kase.
9:09 of 1st period - Deflect By Jakub Vrana.
9:09 of 1st period - Shot Blocked by Roman Josi.
9:09 of 1st period - Puck is out of play.
9:10 of 1st period - Kevin Hayes wins face-off versus Elias Pettersson in Colorado Rockies zone.
9:15 of 1st period - Wrist shot by Tim Stutzle.
9:15 of 1st period - Shot Misses the Net.
9:46 of 1st period - Wrist shot by Kyle Connor.
9:46 of 1st period - Shot Hit the Post.
9:48 of 1st period - Wrist shot by David Pastrnak.
9:48 of 1st period - Stopped by Scott Wedgewood with a rebound.
10:00 of 1st period - Jesper Bratt is hit by Jack Eichel and loses puck.
11:06 of 1st period - Backhand shot by Alex DeBrincat.
11:06 of 1st period - Stopped by Andrei Vasilevskiy without a rebound.
11:07 of 1st period - Ryan O'Reilly wins face-off versus Robert Thomas in Colorado Rockies zone.
11:12 of 1st period - Slapshot by Nikita Kucherov.
11:12 of 1st period - Deflect By Jesper Bratt.
11:12 of 1st period - Stopped by Scott Wedgewood with a rebound.
11:18 of 1st period - Snap shot by Tage Thompson.
11:18 of 1st period - Shot Misses the Net.
11:20 of 1st period - Wrist shot by Robert Thomas.
11:20 of 1st period - Goal by Robert Thomas - Colorado Rockies : 1 - St.Louis Blues : 1.
11:21 of 1st period - Evgeny Kuznetsov wins face-off versus Elias Pettersson in neutral zone.
11:24 of 1st period - Snap shot by Evgeny Kuznetsov.
11:24 of 1st period - Shot Blocked by Elias Pettersson.
11:26 of 1st period - Slapshot by Victor Hedman.
11:26 of 1st period - Stopped by Scott Wedgewood with a rebound.
11:28 of 1st period - Snap shot by Kyle Connor.
11:28 of 1st period - Shot Blocked by Colton Parayko.
11:30 of 1st period - Slapshot by Victor Hedman.
11:30 of 1st period - Stopped by Scott Wedgewood with a rebound.
11:34 of 1st period - Backhand shot by David Pastrnak.
11:34 of 1st period - Stopped by Scott Wedgewood with a rebound.
11:36 of 1st period - Snap shot by Evgeny Kuznetsov.
11:36 of 1st period - Stopped by Scott Wedgewood with a rebound.
11:38 of 1st period - Slapshot by Kyle Connor.
11:38 of 1st period - Stopped by Scott Wedgewood without a rebound.
11:39 of 1st period - Robert Thomas wins face-off versus Nikita Kucherov in St.Louis Blues zone.
11:39 of 1st period - Robert Thomas is hit by Nikita Kucherov.
11:45 of 1st period - Victor Hedman is hit by Morgan Rielly.
12:02 of 1st period - Icing by Ryan O'Reilly.
12:03 of 1st period - Elias Pettersson wins face-off versus Ryan O'Reilly in Colorado Rockies zone.
12:49 of 1st period - Off-side.
12:50 of 1st period - Robert Thomas wins face-off versus Nick Schmaltz in neutral zone.
12:53 of 1st period - Tim Stutzle is hit by Jonas Brodin and loses puck.
13:52 of 1st period - Snap shot by Nick Schmaltz.
13:52 of 1st period - Stopped by Scott Wedgewood without a rebound.
13:53 of 1st period - Evgeny Kuznetsov wins face-off versus Elias Pettersson in St.Louis Blues zone.
15:11 of 1st period - Slapshot by Alex Pietrangelo.
15:11 of 1st period - Deflect By Victor Hedman.
15:11 of 1st period - Stopped by Andrei Vasilevskiy with a rebound.
15:23 of 1st period - Snap shot by Alex Tuch.
15:23 of 1st period - Shot Misses the Net.
15:25 of 1st period - Wrist shot by Jake Guentzel.
15:25 of 1st period - Stopped by Andrei Vasilevskiy without a rebound.
15:26 of 1st period - Ryan O'Reilly wins face-off versus Elias Pettersson in Colorado Rockies zone.
15:53 of 1st period - Niko Mikkola is hit by David Pastrnak and loses puck.
16:10 of 1st period - Minor Penalty to Shea Theodore for Boarding.
16:11 of 1st period - Joe Pavelski wins face-off versus Ryan O'Reilly in Colorado Rockies zone.
16:46 of 1st period - Ryan O'Reilly is hit by Evander Kane and loses puck.
17:19 of 1st period - Joe Pavelski is hit by Quinn Hughes.
18:05 of 1st period - Wrist shot by Jack Eichel.
18:05 of 1st period - Stopped by Andrei Vasilevskiy without a rebound.
18:06 of 1st period - Jack Eichel wins face-off versus Ryan O'Reilly in Colorado Rockies zone.
18:10 of 1st period - Penalty to Shea Theodore is over, Shea Theodore is back on ice.
18:15 of 1st period - Snap shot by Frederick Gaudreau.
18:15 of 1st period - Stopped by Andrei Vasilevskiy with a rebound.
18:37 of 1st period - Slapshot by Shea Theodore.
18:37 of 1st period - Stopped by Scott Wedgewood with a rebound.
18:39 of 1st period - Slapshot by Shea Theodore.
18:39 of 1st period - Goal by Shea Theodore - Colorado Rockies : 2 - St.Louis Blues : 1.
18:40 of 1st period - Evgeny Kuznetsov wins face-off versus Elias Pettersson in neutral zone.
18:53 of 1st period - Snap shot by Alex Tuch.
18:53 of 1st period - Shot Blocked by Roman Josi.
18:55 of 1st period - Snap shot by Elias Pettersson.
18:55 of 1st period - Shot Misses the Net.
19:07 of 1st period - Colton Parayko is hit by Dylan Strome and loses puck.
19:32 of 1st period - Slapshot by Alex Pietrangelo.
19:32 of 1st period - Shot Blocked by Nick Schmaltz.
19:34 of 1st period - Wrist shot by Alex Pietrangelo.
19:34 of 1st period - Stopped by Andrei Vasilevskiy without a rebound.
19:35 of 1st period - Evgeny Kuznetsov wins face-off versus Joe Pavelski in Colorado Rockies zone.
Goals for this period are 2 for Colorado Rockies vs 1 for St.Louis Blues.
Shots for this period are 19 for Colorado Rockies vs 9 for St.Louis Blues.
2nd period
0:01 of 2nd period - Ryan O'Reilly wins face-off versus Elias Pettersson in neutral zone.
0:17 of 2nd period - Wrist shot by Elias Pettersson.
0:17 of 2nd period - Stopped by Andrei Vasilevskiy without a rebound.
0:18 of 2nd period - Robert Thomas wins face-off versus Kevin Hayes in Colorado Rockies zone.
0:25 of 2nd period - Snap shot by Robert Thomas.
0:25 of 2nd period - Stopped by Andrei Vasilevskiy without a rebound.
0:26 of 2nd period - Kevin Hayes wins face-off versus Robert Thomas in Colorado Rockies zone.
0:30 of 2nd period - Off-side.
0:31 of 2nd period - Elias Pettersson wins face-off versus Evgeny Kuznetsov in neutral zone.
0:41 of 2nd period - Minor Penalty to Zach Werenski for Interference.
0:42 of 2nd period - Ryan O'Reilly wins face-off versus Joe Pavelski in Colorado Rockies zone.
0:50 of 2nd period - Snap shot by Jake Guentzel.
0:50 of 2nd period - Deflect By Victor Hedman.
0:50 of 2nd period - Stopped by Andrei Vasilevskiy with a rebound.
0:52 of 2nd period - Slapshot by Elias Pettersson.
0:52 of 2nd period - Deflect By Joe Pavelski.
0:52 of 2nd period - Stopped by Andrei Vasilevskiy with a rebound.
0:54 of 2nd period - Wrist shot by Morgan Rielly.
0:54 of 2nd period - Shot Blocked by Ryan O'Reilly.
1:08 of 2nd period - Martin Fehervary is hit by Jake Guentzel and loses puck.
1:15 of 2nd period - Slapshot by Evander Kane.
1:15 of 2nd period - Stopped by Andrei Vasilevskiy with a rebound.
1:17 of 2nd period - Slapshot by Alex Pietrangelo.
1:17 of 2nd period - Stopped by Andrei Vasilevskiy with a rebound.
1:47 of 2nd period - Robert Thomas is hit by Martin Fehervary and loses puck.
2:41 of 2nd period - Penalty to Zach Werenski is over, Zach Werenski is back on ice.
2:46 of 2nd period - Jack Eichel is hit by Zach Werenski and loses puck.
3:16 of 2nd period - Icing by Robert Thomas.
3:17 of 2nd period - Tim Stutzle wins face-off versus Robert Thomas in St.Louis Blues zone.
3:20 of 2nd period - Snap shot by Tim Stutzle.
3:20 of 2nd period - Stopped by Scott Wedgewood with a rebound.
3:22 of 2nd period - Slapshot by Martin Fehervary.
3:22 of 2nd period - Stopped by Scott Wedgewood with a rebound.
3:50 of 2nd period - Wrist shot by Tim Stutzle.
3:50 of 2nd period - Stopped by Scott Wedgewood with a rebound.
3:56 of 2nd period - Zach Werenski is hit by Colton Parayko and loses puck.
4:09 of 2nd period - Wrist shot by Robert Thomas.
4:09 of 2nd period - Shot Misses the Net.
4:11 of 2nd period - Wrist shot by Robert Thomas.
4:11 of 2nd period - Shot Blocked by Nikita Kucherov.
4:39 of 2nd period - Snap shot by Alex DeBrincat.
4:39 of 2nd period - Shot Misses the Net.
4:41 of 2nd period - Wrist shot by Tage Thompson.
4:41 of 2nd period - Deflect By Alex DeBrincat.
4:41 of 2nd period - Stopped by Andrei Vasilevskiy with a rebound.
4:43 of 2nd period - Snap shot by Alex DeBrincat.
4:43 of 2nd period - Stopped by Andrei Vasilevskiy with a rebound.
4:45 of 2nd period - Wrist shot by Alex Pietrangelo.
4:45 of 2nd period - Stopped by Andrei Vasilevskiy with a rebound.
4:47 of 2nd period - Slapshot by Colton Parayko.
4:47 of 2nd period - Shot Blocked by Victor Hedman.
4:49 of 2nd period - Snap shot by Robert Thomas.
4:49 of 2nd period - Shot Blocked by Zach Werenski.
4:51 of 2nd period - Snap shot by Tage Thompson.
4:51 of 2nd period - Shot Misses the Net.
4:53 of 2nd period - Slapshot by Alex DeBrincat.
4:53 of 2nd period - Stopped by Andrei Vasilevskiy with a rebound.
4:55 of 2nd period - Slapshot by Colton Parayko.
4:55 of 2nd period - Shot Blocked by Nikita Kucherov.
4:57 of 2nd period - Snap shot by Alex DeBrincat.
4:57 of 2nd period - Shot Misses the Net.
4:59 of 2nd period - Snap shot by Alex DeBrincat.
4:59 of 2nd period - Stopped by Andrei Vasilevskiy with a rebound.
5:01 of 2nd period - Snap shot by Colton Parayko.
5:01 of 2nd period - Stopped by Andrei Vasilevskiy with a rebound.
5:03 of 2nd period - Snap shot by Robert Thomas.
5:03 of 2nd period - Deflect By Alex DeBrincat.
5:03 of 2nd period - Goal by Alex DeBrincat - Colorado Rockies : 2 - St.Louis Blues : 2.
5:04 of 2nd period - Elias Pettersson wins face-off versus David Pastrnak in neutral zone.
5:38 of 2nd period - Snap shot by Joe Pavelski.
5:38 of 2nd period - Shot Misses the Net.
7:13 of 2nd period - Wrist shot by Frederick Gaudreau.
7:13 of 2nd period - Stopped by Andrei Vasilevskiy without a rebound.
7:14 of 2nd period - Frederick Gaudreau wins face-off versus Evgeny Kuznetsov in Colorado Rockies zone.
7:20 of 2nd period - Minor Penalty to Evgeny Kuznetsov for Interference.
7:21 of 2nd period - Joe Pavelski wins face-off versus Ryan O'Reilly in Colorado Rockies zone.
7:25 of 2nd period - Snap shot by Elias Pettersson.
7:25 of 2nd period - Shot Misses the Net.
7:27 of 2nd period - Slapshot by Elias Pettersson.
7:27 of 2nd period - Shot Misses the Net.
7:31 of 2nd period - Snap shot by Elias Pettersson.
7:31 of 2nd period - Shot Blocked by Victor Hedman.
7:33 of 2nd period - Slapshot by Jake Guentzel.
7:33 of 2nd period - Shot Blocked by Martin Fehervary.
7:35 of 2nd period - Snap shot by Joe Pavelski.
7:35 of 2nd period - Stopped by Andrei Vasilevskiy without a rebound.
7:36 of 2nd period - Joe Pavelski wins face-off versus Ryan O'Reilly in Colorado Rockies zone.
8:01 of 2nd period - Victor Hedman is hit by Jake Guentzel and loses puck.
8:29 of 2nd period - Tage Thompson is hit by Ryan O'Reilly and loses puck.
9:20 of 2nd period - Penalty to Evgeny Kuznetsov is over, Evgeny Kuznetsov is back on ice.
9:49 of 2nd period - Evander Kane is hit by Jesper Bratt and loses puck.
11:07 of 2nd period - Slapshot by Roman Josi.
11:07 of 2nd period - Stopped by Scott Wedgewood without a rebound.
11:08 of 2nd period - Jack Eichel wins face-off versus Nick Bonino in St.Louis Blues zone.
11:25 of 2nd period - Wrist shot by Dylan Strome.
11:25 of 2nd period - Stopped by Scott Wedgewood without a rebound.
11:26 of 2nd period - Evgeny Kuznetsov wins face-off versus Frederick Gaudreau in St.Louis Blues zone.
12:28 of 2nd period - Minor Penalty to Jonas Brodin for Close Hand On Puck.
12:29 of 2nd period - Frederick Gaudreau wins face-off versus Evgeny Kuznetsov in St.Louis Blues zone.
14:01 of 2nd period - Snap shot by Ryan O'Reilly.
14:01 of 2nd period - Stopped by Scott Wedgewood with a rebound.
14:03 of 2nd period - Snap shot by David Pastrnak.
14:03 of 2nd period - Stopped by Scott Wedgewood without a rebound.
14:04 of 2nd period - Frederick Gaudreau wins face-off versus Evgeny Kuznetsov in St.Louis Blues zone.
14:04 of 2nd period - Frederick Gaudreau is hit by Quinn Hughes.
14:16 of 2nd period - Wrist shot by Nikita Kucherov.
14:16 of 2nd period - Deflect By Kyle Connor.
14:16 of 2nd period - Shot Misses the Net.
14:16 of 2nd period - Puck is out of play.
14:17 of 2nd period - Alex Tuch wins face-off versus Evgeny Kuznetsov in St.Louis Blues zone.
14:28 of 2nd period - Penalty to Jonas Brodin is over, Jonas Brodin is back on ice.
14:35 of 2nd period - Kyle Connor is hit by Jimmy Vesey and loses puck.
15:11 of 2nd period - Snap shot by Tage Thompson.
15:11 of 2nd period - Stopped by Andrei Vasilevskiy without a rebound.
15:12 of 2nd period - Robert Thomas wins face-off versus Evgeny Kuznetsov in Colorado Rockies zone.
15:39 of 2nd period - Jesper Bratt is hit by Jack Eichel and loses puck.
15:57 of 2nd period - Icing by Morgan Rielly.
15:58 of 2nd period - Jack Eichel wins face-off versus Kevin Hayes in St.Louis Blues zone.
15:58 of 2nd period - Jack Eichel is hit by Victor Hedman.
16:28 of 2nd period - Minor Penalty to Kevin Hayes for Interference.
16:29 of 2nd period - Ryan O'Reilly wins face-off versus Elias Pettersson in Colorado Rockies zone.
18:28 of 2nd period - Penalty to Kevin Hayes is over, Kevin Hayes is back on ice.
18:28 of 2nd period - Icing by Jake Guentzel.
18:29 of 2nd period - Joe Pavelski wins face-off versus Evgeny Kuznetsov in St.Louis Blues zone.
18:46 of 2nd period - Snap shot by Frederick Gaudreau.
18:46 of 2nd period - Goal by Frederick Gaudreau - Colorado Rockies : 2 - St.Louis Blues : 3.
18:47 of 2nd period - Elias Pettersson wins face-off versus Evgeny Kuznetsov in neutral zone.
19:03 of 2nd period - Icing by Alex Tuch.
19:04 of 2nd period - Elias Pettersson wins face-off versus Ryan O'Reilly in St.Louis Blues zone.
19:29 of 2nd period - Snap shot by Jake Guentzel.
19:29 of 2nd period - Shot Misses the Net.
Goals for this period are 0 for Colorado Rockies vs 2 for St.Louis Blues.
Shots for this period are 7 for Colorado Rockies vs 17 for St.Louis Blues.
3rd period
0:01 of 3rd period - Alex Tuch wins face-off versus Evgeny Kuznetsov in neutral zone.
0:06 of 3rd period - Wrist shot by Elias Pettersson.
0:06 of 3rd period - Stopped by Andrei Vasilevskiy without a rebound.
0:07 of 3rd period - Evgeny Kuznetsov wins face-off versus Elias Pettersson in Colorado Rockies zone.
0:23 of 3rd period - Off-side.
0:24 of 3rd period - Kevin Hayes wins face-off versus Robert Thomas in neutral zone.
0:32 of 3rd period - Wrist shot by Robert Thomas.
0:32 of 3rd period - Stopped by Andrei Vasilevskiy with a rebound.
1:06 of 3rd period - Snap shot by Kyle Connor.
1:06 of 3rd period - Stopped by Scott Wedgewood without a rebound.
1:07 of 3rd period - Ryan O'Reilly wins face-off versus Robert Thomas in St.Louis Blues zone.
1:27 of 3rd period - Icing by Colton Parayko.
1:28 of 3rd period - Robert Thomas wins face-off versus Evgeny Kuznetsov in St.Louis Blues zone.
1:28 of 3rd period - Robert Thomas is hit by David Pastrnak.
2:21 of 3rd period - Snap shot by Alex Tuch.
2:21 of 3rd period - Stopped by Andrei Vasilevskiy without a rebound.
2:22 of 3rd period - Evgeny Kuznetsov wins face-off versus Jake Guentzel in Colorado Rockies zone.
2:27 of 3rd period - Quinn Hughes is hit by Jake Guentzel and loses puck.
2:32 of 3rd period - Slapshot by Elias Pettersson.
2:32 of 3rd period - Goal by Elias Pettersson - Colorado Rockies : 2 - St.Louis Blues : 4.
2:33 of 3rd period - Elias Pettersson wins face-off versus Evgeny Kuznetsov in neutral zone.
2:36 of 3rd period - Slapshot by Morgan Rielly.
2:36 of 3rd period - Shot Misses the Net.
2:38 of 3rd period - Slapshot by Elias Pettersson.
2:38 of 3rd period - Goal by Elias Pettersson - Colorado Rockies : 2 - St.Louis Blues : 5.
2:39 of 3rd period - Evgeny Kuznetsov wins face-off versus Elias Pettersson in neutral zone.
2:48 of 3rd period - Snap shot by David Pastrnak.
2:48 of 3rd period - Stopped by Scott Wedgewood without a rebound.
2:49 of 3rd period - Elias Pettersson wins face-off versus Evgeny Kuznetsov in St.Louis Blues zone.
4:04 of 3rd period - Backhand shot by Jake Guentzel.
4:04 of 3rd period - Stopped by Andrei Vasilevskiy with a rebound.
4:06 of 3rd period - Snap shot by Jake Guentzel.
4:06 of 3rd period - Shot Blocked by David Pastrnak.
4:06 of 3rd period - David Pastrnak from Colorado Rockies is injured at 4:06 of 3rd period (Right Leg).
4:07 of 3rd period - Ryan O'Reilly wins face-off versus Elias Pettersson in Colorado Rockies zone.
4:34 of 3rd period - Alex DeBrincat is hit by Zach Werenski and loses puck.
4:40 of 3rd period - Minor Penalty to Alex DeBrincat for Hooking.
4:41 of 3rd period - Frederick Gaudreau wins face-off versus Evgeny Kuznetsov in St.Louis Blues zone.
5:37 of 3rd period - Jonas Brodin is hit by Nick Schmaltz and loses puck.
6:40 of 3rd period - Penalty to Alex DeBrincat is over, Alex DeBrincat is back on ice.
6:48 of 3rd period - Wrist shot by Evgeny Kuznetsov.
6:48 of 3rd period - Shot Blocked by Jonas Brodin.
8:31 of 3rd period - Roman Josi is hit by Frederick Gaudreau.
8:48 of 3rd period - Icing by Evgeny Kuznetsov.
8:49 of 3rd period - Elias Pettersson wins face-off versus Evgeny Kuznetsov in Colorado Rockies zone.
9:07 of 3rd period - Icing by Frederick Gaudreau.
9:08 of 3rd period - Nick Bonino wins face-off versus Frederick Gaudreau in St.Louis Blues zone.
9:19 of 3rd period - Ondrej Kase is hit by Quinn Hughes and loses puck.
9:34 of 3rd period - Alex Pietrangelo is hit by Shea Theodore and loses puck.
9:43 of 3rd period - Snap shot by Jesper Bratt.
9:43 of 3rd period - Stopped by Scott Wedgewood with a rebound.
9:45 of 3rd period - Snap shot by Ryan O'Reilly.
9:45 of 3rd period - Shot Misses the Net.
10:02 of 3rd period - Colton Parayko is hit by Victor Hedman and loses puck.
11:06 of 3rd period - Snap shot by Kevin Hayes.
11:06 of 3rd period - Stopped by Scott Wedgewood with a rebound.
11:08 of 3rd period - Slapshot by Quinn Hughes.
11:08 of 3rd period - Shot Misses the Net.
11:49 of 3rd period - Off-side.
11:50 of 3rd period - Evgeny Kuznetsov wins face-off versus Elias Pettersson in neutral zone.
12:13 of 3rd period - Victor Hedman is hit by Jonas Brodin and loses puck.
13:37 of 3rd period - Slapshot by Alex DeBrincat.
13:37 of 3rd period - Stopped by Andrei Vasilevskiy without a rebound.
13:38 of 3rd period - Elias Pettersson wins face-off versus Ryan O'Reilly in Colorado Rockies zone.
13:45 of 3rd period - Snap shot by Elias Pettersson.
13:45 of 3rd period - Deflect By Jake Guentzel.
13:45 of 3rd period - Stopped by Andrei Vasilevskiy with a rebound.
14:18 of 3rd period - Snap shot by Tage Thompson.
14:18 of 3rd period - Shot Misses the Net.
14:42 of 3rd period - Snap shot by Jack Eichel.
14:42 of 3rd period - Shot Misses the Net.
14:48 of 3rd period - Evander Kane is hit by Jakub Vrana and loses puck.
15:07 of 3rd period - Snap shot by Roman Josi.
15:07 of 3rd period - Shot Blocked by Evander Kane.
15:09 of 3rd period - Snap shot by Dylan Strome.
15:09 of 3rd period - Stopped by Scott Wedgewood without a rebound.
15:10 of 3rd period - Elias Pettersson wins face-off versus Ryan O'Reilly in St.Louis Blues zone.
15:10 of 3rd period - Elias Pettersson is hit by Ryan O'Reilly.
15:16 of 3rd period - Backhand shot by Alex Pietrangelo.
15:16 of 3rd period - Shot Blocked by Shea Theodore.
15:39 of 3rd period - Minor Penalty to Ryan O'Reilly for Tripping.
15:40 of 3rd period - Joe Pavelski wins face-off versus Tim Stutzle in Colorado Rockies zone.
17:39 of 3rd period - Penalty to Ryan O'Reilly is over, Ryan O'Reilly is back on ice.
17:52 of 3rd period - Snap shot by Tage Thompson.
17:52 of 3rd period - Stopped by Andrei Vasilevskiy with a rebound.
17:54 of 3rd period - Snap shot by Frederick Gaudreau.
17:54 of 3rd period - Shot Misses the Net.
17:56 of 3rd period - Snap shot by Ondrej Kase.
17:56 of 3rd period - Shot Misses the Net.
17:58 of 3rd period - Snap shot by Ondrej Kase.
17:58 of 3rd period - Shot Misses the Net.
18:00 of 3rd period - Slapshot by Tage Thompson.
18:00 of 3rd period - Stopped by Andrei Vasilevskiy without a rebound.
18:01 of 3rd period - Evgeny Kuznetsov wins face-off versus Frederick Gaudreau in Colorado Rockies zone.
19:05 of 3rd period - Slapshot by Zach Werenski.
19:05 of 3rd period - Shot Blocked by Niko Mikkola.
19:07 of 3rd period - Wrist shot by Tim Stutzle.
19:07 of 3rd period - Stopped by Scott Wedgewood without a rebound.
19:08 of 3rd period - Kevin Hayes wins face-off versus Jack Eichel in St.Louis Blues zone.
19:09 of 3rd period - Snap shot by Nick Schmaltz.
19:09 of 3rd period - Goal by Nick Schmaltz - Colorado Rockies : 3 - St.Louis Blues : 5.
19:10 of 3rd period - Jack Eichel wins face-off versus Kevin Hayes in neutral zone.
19:16 of 3rd period - Minor Penalty to Kevin Hayes for High sticking.
19:17 of 3rd period - Joe Pavelski wins face-off versus Ryan O'Reilly in Colorado Rockies zone.
19:26 of 3rd period - Wrist shot by Joe Pavelski.
19:26 of 3rd period - Shot Misses the Net.
Goals for this period are 1 for Colorado Rockies vs 2 for St.Louis Blues.
Shots for this period are 7 for Colorado Rockies vs 10 for St.Louis Blues.
Back to the Top